Map: Apotheosis LE

Players

Fropez - Winner!

  • Race: Protoss Protoss
  • League: Gold
  • Spawn Location: 11:00

turbohonky

  • Race: Protoss Protoss
  • Spawn Location: 5:00

VOD

Have the link to the VOD?

Description

Time

  • Played on: Oct. 14, 2016, 5:22 p.m.
  • Length: 15:49
Show
View Real Time Build Order
Export as new Build Order

Fropez Protoss - Winner!

Build Orders: 1 Gate Expand 

Get SALT Encoding   

  12  0:01  Probe (Chrono Boost)  
  13  0:11  Probe (Chrono Boost)  
  14  0:19  Pylon  
  14  0:22  Probe (Chrono Boost)  
  15  0:37  Probe (Chrono Boost)  
  15  0:42  Gateway  
  16  0:48  Probe (Chrono Boost)  
  17  0:58  Probe (Chrono Boost)  
  18  1:09  Probe (Chrono Boost)  
  19  1:24  Nexus  
  20  1:32  Cybernetics Core  
  19  1:39  Pylon  
  19  1:40  Probe (Chrono Boost)  
  20  1:51  Probe (Chrono Boost)  
  21  2:07  Gateway  
  21  2:13  Assimilator  
  21  2:14  Assimilator  
  20  2:50  Stalker (Chrono Boost)  
  22  2:59  Stalker (Chrono Boost)  
  22  3:04  Probe  
  25  3:05  Probe, Gateway  
  25  3:08  Assimilator  
  25  3:09  Warp Gate  
  25  3:11  Assimilator  
  26  3:17  Adept (Chrono Boost)  
  27  3:32  Stalker (Chrono Boost)  
  27  3:39  Probe  
  27  3:47  Probe  
  28  3:53  Pylon  
  28  3:55  Stalker (Chrono Boost)  
  30  4:00  Probe  
  30  4:01  Probe, Stalker (Chrono Boost)  
  34  4:09  Stalker (Chrono Boost)  
  36  4:18  Mothership Core  
  36  4:20  Probe  
  39  4:38  Adept x2 (Chrono Boost)  
  43  4:42  Adept (Chrono Boost)  
  43  4:55  Forge, Probe x2  
  45  5:08  Twilight Council  
  45  5:31  Gateway  
  45  5:32  Gateway  
  41  6:25  Blink  
  39  6:30  Probe  
  39  6:31  Probe, Robotics Facility  
  41  6:32  Gateway  
  41  6:40  Nexus, Stalker x3  
  41  6:44  Probe  
  48  6:47  Probe  
  49  6:55  Protoss Ground Weapons Level 1 (Chrono Boost)  
  49  7:05  Probe  
  49  7:06  Probe  
  51  7:19  Warp Prism  
  53  7:27  Pylon  
  53  7:30  Pylon  
  53  7:36  Photon Cannon  
  53  7:41  Probe  
  54  7:45  Probe  
  54  7:46  Pylon  
  55  7:51  Probe  
  55  7:53  Probe  
  57  7:59  Stalker  
  59  8:06  Stalker  
  59  8:07  Stalker  
  64  8:12  Observer  
  64  8:23  Stalker x3  
  70  8:44  Stalker x3  
  76  8:51  Pylon  
  74  9:13  Photon Cannon  
  74  9:16  Stalker  
  74  9:17  Stalker  
  78  10:06  Pylon  
  62  10:31  Pylon  
  62  10:32  Pylon  
  62  10:34  Pylon  
  62  10:37  Pylon x2  
  62  10:40  Pylon  
  62  10:41  Pylon  
  62  10:51  Gateway  
  62  10:53  Gateway  
  58  11:21  Stalker x2  
  54  12:08  Nexus  
  52  12:12  Nexus  
  51  12:24  Pylon  
  50  13:11  Nexus  
  50  13:22  Pylon  
  50  13:39  Forge  
  50  14:03  Assimilator  
  50  14:05  Assimilator  
  50  14:08  Gateway  
  50  14:14  Gateway  
  50  14:21  Probe x2  
  52  14:26  Pylon  
  52  14:56  Photon Cannon  
  52  14:57  Pylon  
  52  15:02  Photon Cannon  
  52  15:03  Photon Cannon  
  52  15:05  Pylon, Photon Cannon  
  52  15:08  Pylon  
  48  15:22  Cybernetics Core  
Show
View Real Time Build Order
Export as new Build Order

turbohonky Protoss 

Build Orders:  

Get SALT Encoding   

  12  0:01  Probe (Chrono Boost)  
  13  0:13  Pylon  
  13  0:19  Probe (Chrono Boost)  
  14  0:33  Gateway  
  14  0:35  Probe (Chrono Boost)  
  15  0:43  Assimilator  
  15  0:45  Probe (Chrono Boost)  
  16  0:58  Gateway  
  16  1:01  Probe (Chrono Boost)  
  18  1:11  Probe (Chrono Boost)  
  18  1:19  Pylon  
  18  1:28  Cybernetics Core  
  18  1:30  Probe (Chrono Boost)  
  19  1:41  Pylon  
  19  1:42  Probe (Chrono Boost)  
  20  1:50  Assimilator  
  20  1:53  Probe (Chrono Boost)  
  21  2:03  Probe (Chrono Boost)  
  21  2:04  Adept x2  
  26  2:11  Warp Gate (Chrono Boost)  
  26  2:15  Probe  
  27  2:27  Probe  
  28  2:33  Pylon  
  28  2:43  Stalker x2  
  32  2:53  Probe  
  32  2:54  Pylon  
  33  3:06  Probe  
  34  3:45  Stalker x2  
  34  4:04  Nexus  
  34  4:07  Pylon  
  34  4:08  Pylon  
  34  4:17  Pylon  
  32  4:50  Probe  
  33  5:00  Gateway  
  33  5:02  Probe, Gateway  
  33  5:04  Gateway  
  32  5:33  Stalker  
  32  5:34  Stalker  
  36  5:55  Stalker  
  38  5:58  Stalker  
  36  6:25  Stalker  
  35  6:26  Stalker  
  35  6:29  Stalker x2  
  35  6:30  Stalker  
  43  6:39  Probe  
  44  6:50  Nexus  
  44  7:14  Stalker x2  
  44  7:15  Stalker x3  
  52  7:22  Pylon  
  54  7:24  Pylon  
  54  7:26  Pylon  
  54  7:29  Pylon  
  54  7:35  Pylon  
  54  7:40  Forge  
  54  7:53  Stalker, Zealot x2  
  60  8:07  Probe  
  61  8:17  Probe  
  62  8:28  Probe  
  62  9:10  Zealot  
  62  9:11  Zealot  
  28  10:20  Pylon  
  26  10:22  Pylon  
  26  10:39  Pylon  
  26  10:41  Pylon  
  24  10:53  Zealot  
  24  10:54  Zealot  
  28  11:06  Zealot  
  30  11:17  Zealot x2  
  21  12:50  Nexus  
  21  12:52  Pylon  
  21  14:35  Probe  
  22  15:03  Probe  
Tags
 
League
Gold
Matchup
PvP
Replay Pack
All Mines
Spawn Locations
Cross Positions
Add a new tag
Caveats
  • Supply blocks, unpowered buildings, or Contaminate may cause inaccurate times.
  • Supply counts are checked every 10 seconds.